 Dungeon Crawl Stone Soup version 0.29-a0-275-g389c0b56f3 (webtiles) character file.

Game seed: 17696617668197672709

655 croobank the Firebug (level 7, 0/75 HPs)
             Began as a Yellow Draconian Fire Elementalist on Mar 9, 2022.
             Slain by a kobold
             ... wielding a +0 dagger
              (3 damage)
             ... on level 7 of the Dungeon.
             The game lasted 00:15:24 (3857 turns).

croobank the Firebug (DrFE)                         Turns: 3857, Time: 00:15:24

Health: 0/75       AC: 23    Str: 10    XL:     7   Next: 29%
Magic:  12/12      EV:  2    Int: 17    God:
Gold:   177        SH:  0    Dex: 12    Spells: 10/13 levels left

rFire   . . .      SeeInvis .   z - +2 short sword (venom)
rCold   . . .      Faith    .   (no shield)
rNeg    . . .      Spirit   .   (body armour unavailable)
rPois   +          Reflect  .   (helmet currently unavailable)
rElec   .          Harm     .   (cloak currently unavailable)
rCorr   .          Rampage  .   (gloves currently unavailable)
Will    .....      NoTele   +   (boots currently unavailable)
Stlth   ++........              p - amulet of magic regeneration
HPRegen 0.22/turn               l - ring of wizardry
MPRegen 0.53/turn               (no ring)

@: short of breath, tree-form
A: stationary, stasis, torment immunity, boosted hp, (spit acid), AC +6,
unfitting armour, (cold-blooded), (acid resistance)
a: no special abilities


You were on level 7 of the Dungeon.
You were a tree.
You visited 1 branch of the dungeon, and saw 5 of its levels.
You also visited: Sewer.

You collected 177 gold pieces.

Inventory:

Hand Weapons
 a - a +0 dagger of venom
 b - a +0 hunting sling
 r - a +0 broad axe
 z - a +2 short sword of venom (weapon)
Missiles
 e - 79 stones
 g - 5 atropa-tipped darts
 y - 8 poisoned darts
Armour
 i - a scarf of resistance (melded)
 w - a +2 pair of boots (melded)
 A - a +2 pair of gloves (melded)
Jewellery
 l - a ring of wizardry (left branch)
 p - an amulet of magic regeneration (around neck)
Wands
 B - a wand of flame (8)
Scrolls
 c - 2 scrolls of amnesia
 o - 4 scrolls of identify {unknown}
Potions
 d - a potion of magic
 m - 2 potions of haste {unknown}
 n - a potion of degeneration {unknown}
 s - a potion of brilliance {unknown}
 t - a potion of invisibility {unknown}
 v - a potion of mutation {unknown}


   Skills:
 + Level 3.6 Dodging
 + Level 3.8 Stealth
 + Level 3.8 Spellcasting
 + Level 3.5 Conjurations
 + Level 4.6 Fire Magic


You had 10 spell levels left.
You knew the following spells:

 Your Spells              Type           Power      Damage    Failure   Level
a - Foxfire               Conj/Fire      68%        2x1d7     1%          1
b - Scorch                Fire           36%        2d6       1%          2

Your spell library contained the following spells:

 Spells                   Type           Power      Damage    Failure   Level
 Conjure Flame            Conj/Fire      17%        6-21      3%          3
 Animate Skeleton         Necr           6%         N/A       6%          1
 Apportation              Tloc           6%         N/A       6%          1
 Summon Small Mammal      Summ           12%        N/A       6%          1
 Inner Flame              Hex/Fire       11%        N/A       8%          3
 Flame Wave               Conj/Fire      17%        2d6       12%         4
 Ozocubu's Armour         Ice            3%         N/A       19%         3
 Ozocubu's Refrigeration  Ice            1%         4d5       100%        7


Dungeon Overview and Level Annotations

Branches:
Dungeon (4/15)              Sewer (visited)
 Temple: D:4-7

Altars:
Dithmenos

Shops:
D:1 =


Innate Abilities, Weirdness & Mutations

You are a tree.
Your roots penetrate the ground, keeping you stationary.
You cannot be teleported.
You are immune to unholy pain and torment.
Your maximum health is greatly increased.
Your equipment is partially melded.
((You can spit globs of acid.))
((Your golden yellow scales are hard. (AC +6)))
You cannot fit into any form of body armour.
((You are cold-blooded and may be slowed by cold attacks.))
((You are resistant to acid. (rCorr)))


Message History

The kobold brigand hits you with a +0 short sword.
* * * LOW HITPOINT WARNING * * *
The kobold hits you but does no damage.
The kobold hits you with a +0 short sword.
* * * LOW HITPOINT WARNING * * *
The kobold hits you but does no damage. The gnoll barely misses you.
The kobold brigand closely misses you. The kobold barely misses you.
The kobold hits you but does no damage. The kobold barely misses you.
The gnoll hits you with a +0 flail.
* * * LOW HITPOINT WARNING * * *
It was a potion of lignification.
You turn into a tree.
Your scarf of resistance melds into your body.
Your +2 pair of gloves melds into your body.
Your +2 pair of boots melds into your body.
You feel hot and cold all over.
Your roots penetrate the ground.
The kobold brigand hits you but does no damage.
The gnoll hits you but does no damage. The kobold hits you with a +0 club.
* * * LOW HITPOINT WARNING * * *
The kobold hits you but does no damage. x2
You hit the kobold brigand.
The kobold brigand is poisoned.
The kobold brigand is heavily wounded.
The kobold brigand hits you but does no damage.
The gnoll hits you but does no damage.
The kobold hits you but does no damage. x2
The kobold hits you with a +0 dagger.
* * * LOW HITPOINT WARNING * * *
You closely miss the kobold brigand.
The kobold brigand is heavily wounded.
The gnoll barely misses you. The kobold barely misses you.
The kobold hits you but does no damage.
The kobold brigand hits you but does no damage.
The kobold hits you but does no damage.
You hit the kobold brigand.
The kobold brigand is severely wounded.
You are no longer glowing.
The kobold brigand hits you but does no damage.
The gnoll hits you with a +0 flail.
* * * LOW HITPOINT WARNING * * *
The kobold hits you but does no damage. x2
The kobold hits you with a +0 dagger.
You die...

*,,,,,,**,,,,,,,,,,,********
*,,,<,,**,,,,,,,,,,,,,,,,,,,
*,,,,,,**,,,,,,,,,,,,,,****,
*,,,,,,,,,,,,,,,,,*,,,,,,,*,
*,,,,,,*********,,,,,,,**,*,
***,,,,,,,* *,,,,*,,,*,*,
*,.,,,#,* *,,,,*,***,*,
***,....#.######...,*,,,,,*,
*,,,.....KK♣gK.....,**,,,,*,
*,**.....KKKK...#.#,,+,,,,,,
*,**#....gKS....#,*,**,,,,** *,*
####........#,*,,,,,,,,,
***********+........#,+,,,,,,,,,
*,,,,,,,,,,#........#**,,,,,,,..
*,,,,,,,,,,#.....<..#***,*,,,,..
*,,*≈≈≈≈*,,#.........,**,*,,,,..
*,,≈≈≈≈≈≈,,**,,,,*,,,,**,*****..


You could see a water moccasin, a kobold brigand (very poisoned), 2 gnolls and 7
kobolds.

Vanquished Creatures
  A steam dragon (D:7)
  3 killer bees (D:7)
  4 jellies (Sewer)
  2 orc priests (D:3)
  A gnoll shaman (D:7)
  2 orc wizards (D:3)
  3 adders
  2 river rats
  A worm (D:2)
  A dart slug (D:3)
  An orc (D:3)
  3 ball pythons
  10 endoplasms
  11 giant cockroaches
  4 goblins
  7 hobgoblins
  9 jackals
  5 kobolds
  3 quokkas (D:3)
  4 bats
  12 frilled lizards
  5 rats
94 creatures vanquished.

Vanquished Creatures (others)
  119 foxfires
119 creatures vanquished.

Grand Total: 213 creatures vanquished

Notes
Turn   | Place    | Note
-------+----------+-------------------------------------------
     0 | D:1      | croobank the Draconian Fire Elementalist began the quest
                  | for the Orb.
     0 | D:1      | Reached XP level 1. HP: 14/14 MP: 3/3
   210 | D:1      | Reached XP level 2. HP: 20/20 MP: 1/5
   264 | D:1      | Learned a level 2 spell: Scorch
   345 | D:1      | Found Mitest's Jewellery Boutique.
   548 | D:1      | Found a faded altar of an unknown god.
  1238 | D:2      | Reached XP level 3. HP: 17/26 MP: 3/6
  2480 | D:3      | Found a glowing drain.
  2485 | D:3      | Reached XP level 4. HP: 22/33 MP: 4/7
  2488 | D:3      | Reached XP level 5. HP: 26/38 MP: 0/9
  2500 | Sewer    | Entered a sewer
  2878 | Sewer    | Found a shimmering altar of Xom.
  2896 | Sewer    | Reached skill level 4 in Fire Magic
  2896 | Sewer    | Reached XP level 6. HP: 31/45 MP: 0/10
  3240 | D:3      | Found a shadowy altar of Dithmenos.
  3793 | D:4      | You fall into a shaft and drop 3 floors!
  3822 | D:7      | Noticed a steam dragon
  3829 | D:7      | Killed a steam dragon
  3830 | D:7      | Your scales start taking on a golden yellow colour.
  3830 | D:7      | Reached XP level 7. HP: 31/50 MP: 2/12
  3830 | D:7      | Gained mutation: You are resistant to acid. (rCorr) [Yellow
                  | Draconian growth]
  3837 | D:7      | Noticed a wyvern
  3849 | D:7      | HP: 1/50 [kobold/+0 short sword (3)]
  3857 | D:7      | HP: 3/75 [gnoll/+0 flail (2)]
  3857 | D:7      | Slain by a kobold

Illustrated notes

Levels and vault maps discovered:
D:1:      lightli_arrival_chessboard, layout_basic, serial_shops, shop,
          shapermc_ecumenical_altar_totnotflames
D:2:      layout_basic, serial_curves, eino_curves_01, eino_curves_03,
          grunt_ministairs_9
D:3:      layout_basic, grunt_dithmenos_smoke_and_mirrors,
          cheibrodos_sewer_entry_sluice, minmay_misc_feat_square,
          kennysheep_generic_room_9
D:4:      layout_loops_cross, minmay_temple_entry_enclosed_plants
D:7:      layout_basic, chequers_serial_rivers_micro_c,
          minmay_tree_intersection, nicolae_elemental_shop,
          kennysheep_pointless_box, lightli_minifort, uniq_pikel

Skill      XL: |  1  2  3  4  5  6 |
---------------+-------------------+-----
Stealth        | 2 3 |  3.8
Dodging        | 2 3 |  3.6
Conjurations   | 2 3 |  3.5
Spellcasting   | 3 |  3.8
Fire Magic     | 4 |  4.6

Action                   |  1- 3 |  4- 6 |  7- 9 || total
-------------------------+-------+-------+-------++-------
Melee: Unarmed           |     5 |       |       ||     5
       Dagger            |    27 |    45 |       ||    72
       Tailslap          |     5 |     6 |       ||    11
       Punch             |     1 |       |       ||     1
       Short sword       |       |    17 |    12 ||    29
 Cast: Foxfire           |    36 |    36 |       ||    72
       Scorch            |    13 |    31 |     1 ||    45
 Abil: Breathe Acid      |       |       |     1 ||     1
Evoke: Wand              |       |     1 |       ||     1
  Use: Scroll            |     3 |       |     5 ||     8
       Potion            |       |     1 |     4 ||     5
 Stab: Sleeping          |       |     1 |       ||     1
Armor: Skin              |     6 |    33 |    46 ||    85
Dodge: Dodged            |    21 |    57 |    33 ||   111

Table legend: (Time is in decaauts)
 A = Elapsed time spent in this place.
 B = Non-inter-level travel time spent in this place.
 C = Inter-level travel time spent in this place.
 D = Time resting spent in this place.
 E = Time spent auto-exploring this place.
 F = Levels seen in this place.
 G = Mean time per level.
                   A        B        C        D        E       F      G
               +--------+--------+--------+--------+--------+-----+--------+
         Total |   3899 |   3824 |     75 |    499 |   2437 |   6 |  649.8 |
       Dungeon |   3203 |   3128 |     75 |    278 |   2197 |   5 |  640.6 |
         Sewer |    696 |    696 |      0 |    221 |    239 |   1 |  696.0 |
               +--------+--------+--------+--------+--------+-----+--------+

Top non-repeatable levels by time:
     D:2: 1239 daAuts
     D:3: 933 daAuts
     D:1: 931 daAuts
   Sewer: 696 daAuts
     D:7: 71 daAuts
     D:4: 27 daAuts
